 Dungeon Crawl Stone Soup version 0.28-a0-425-gd0eccab798 (webtiles) character file.

Game seed: 3961720934625493102

716 Jawa73 the Cudgeller (level 7, 0/49 HPs)
             Began as an Octopode Fighter on Sept 9, 2021.
             Was an Initiate of Gozag.
             Slain by Duvessa (13 damage)
             ... on level 5 of the Dungeon.
             The game lasted 00:12:43 (4190 turns).

Jawa73 the Cudgeller (Octopode Fighter)             Turns: 4190, Time: 00:12:44

Health: 0/49       AC:  1    Str: 20    XL:     7   Next: 69%
Magic:  7/7        EV: 14    Int: 13    God:    Gozag
Gold:   199        SH:  6    Dex: 12    Spells: 6/6 levels left

rFire   x . .      SeeInvis .   a - +0 flail
rCold   + . .      Faith    .   l - +1 buckler
rNeg    + . .      Spirit   .   (helmet restricted)
rPois   +          Reflect  .   i - amulet of magic regeneration
rElec   .          Harm     .   h - ring of resist corrosion
rCorr   +          Rampage  .   j - ring of poison resistance
Will    .....                   o - ring of Vion {Ice +Blink rN+ Str+3 Int+3}
Stlth   ++........              (no ring)
HPRegen 0.16/turn               (no ring)
MPRegen 0.35/turn               (no ring)
                                (no ring)
                                (no ring)

@: gold aura
A: almost no armour, amphibious, 8 rings, camouflage 1, gelatinous body 1,
(nimble swimmer 1), tentacles
a: Renounce Religion, Evoke Blink, Potion Petition, Call Merchant, Bribe Branch


You were on level 5 of the Dungeon.
You worshipped Gozag.
Gozag was aware of your devotion.
You visited 2 branches of the dungeon, and saw 6 of its levels.

You collected 298 gold pieces.
You spent 44 gold pieces at shops.
You paid 55 gold pieces to Gozag.

Inventory:

Hand Weapons
 a - a +0 flail (weapon)
 b - a +0 dagger of holy wrath
Missiles
 m - 8 silver boomerangs (quivered)
Armour
 l - a +1 buckler (worn)
Jewellery
 h - a ring of resist corrosion (left tentacle)
 i - an amulet of magic regeneration (around mantle)
 j - a ring of poison resistance (right tentacle)
 o - the ring of Vion (on tentacle) {Ice +Blink rN+ Str+3 Int+3}
   (You acquired it on level 5 of the Dungeon)

   [ring of ice]

   It enhances your ice magic.
   Str:       It affects your strength (+3).
   Int:       It affects your intelligence (+3).
   rF:        It makes you vulnerable to fire.
   rC:        It protects you from cold.
   rN:        It protects you from negative energy.
   +Blink:    It lets you blink.
Scrolls
 k - 2 scrolls of teleportation
 n - 2 scrolls of magic mapping
Potions
 c - 2 potions of might
 d - a potion of resistance
 e - a potion of curing
 f - a potion of attraction {unknown}
 g - a potion of lignification {unknown}


   Skills:
 * Level 4.8 Fighting
 * Level 5.7 Maces & Flails
 * Level 4.5 Dodging
 * Level 4.3 Shields


You had 6 spell levels left.
You didn't know any spells.
Your spell library contained the following spells:

 Spells                   Type           Power      Damage    Failure   Level
 Slow                     Hex            0%         N/A       43%         2
 Confusing Touch          Hex            0%         N/A       67%         3
 Gell's Gravitas          Tloc           0%         N/A       67%         3
 Summon Guardian Golem    Hex/Summ       0%         N/A       67%         3
 Teleport Other           Tloc           0%         N/A       67%         3
 Vampiric Draining        Necr           0%         2d6       67%         3
 Dispersal                Tloc           0%         N/A       100%        6
 Orb of Destruction       Conj           0%         N/A       100%        7
 Spellforged Servitor     Conj/Summ      0%         N/A       100%        7


Dungeon Overview and Level Annotations

Branches:
Dungeon (5/15)             Temple (1/1) D:4

Altars:
Dithmenos
Elyvilon
Gozag
Hepliaklqana
Kikubaaqudgha
Okawaru
Qazlal
Ru
Sif Muna
Trog
Uskayaw
Vehumet
Wu Jian
Xom
Yredelemnul
Zin

Shops:
D:5 !

Annotations:
D:5 Dowan, Duvessa


Innate Abilities, Weirdness & Mutations

You cannot wear most types of armour.
You are amphibious.
You can wear up to eight rings at the same time.
Your skin changes colour to match your surroundings (Stealth+).
Your rubbery body absorbs attacks. (AC +1, EV +1)
((You are camouflaged near water. (Stealth+)))
You have tentacles for arms and can constrict up to eight enemies at once.


Message History

You hit the adder. Your grab misses the adder.
The adder is heavily wounded.
The adder completely misses you.
You sock the adder!
You kill the adder!
You now have 199 gold pieces (gained 6).
There is a stone staircase leading down here.
You start resting.
HP restored.
You feel more attuned to ice.
You feel stronger.
You feel clever.
o - the ring of Vion (on tentacle) {Ice +Blink rN+ Str+3 Int+3}
Okay, then.
You climb downwards.
Level annotation: Dowan, Duvessa The orc closely misses you.
There is a stone staircase leading up, spattered with blood here.
You hit the orc. Your grab misses the orc. You squeeze the orc.
The orc is heavily wounded.
The orc misses you. The orc hits you with a +0 hand axe.
You hit the orc. You grab the orc.
The orc is severely wounded.
You constrict the orc.
You kill the orc!
The jelly closely misses you.
Okay, then.
You blink.
The jelly misses you. Duvessa barely misses you.
You completely miss the jelly. You squeeze the jelly.
The jelly is lightly wounded.
The jelly hits you.
You are splashed with acid.
You resist. Duvessa hits you with a +0 short sword!
The jelly closely misses you.
Dowan casts a spell at Duvessa.
Duvessa seems to speed up.
The jelly misses you. Duvessa hits you with a +0 short sword!
Duvessa hits you with a +0 short sword. You block the jelly's attack.
Duvessa hits you with a +0 short sword!
* * * LOW HITPOINT WARNING * * *
You feel better. Duvessa hits you with a +0 short sword!
You die...
Your body crumbles into a pile of gold.

#................####
#................#...
##....................
#.....................
#.....................
##....................
#....[...............
##...................
##.@e[e.[...........
##.J$.).)..........
#####.............
########...... ##.....
#..... #..... #.....
##....


You could see Duvessa (fast), Dowan and a jelly.

Vanquished Creatures
  Sigmund (D:5)
  A necrophage (D:4)
  An ogre (D:4)
  A scorpion (D:3)
  A water moccasin skeleton (D:4)
  A howler monkey (D:3)
  2 hounds (D:4)
  A bullfrog zombie (D:5)
  An orc wizard (D:5)
  A howler monkey skeleton (D:4)
  3 adders
  An adder skeleton (D:4)
  6 dart slugs
  10 orcs
  7 endoplasms
  2 giant cockroaches
  6 goblins
  4 hobgoblins
  3 jackals (D:3)
  2 quokkas (D:3)
  8 ball pythons
  5 bats
  10 frilled lizards
  7 kobolds
  2 rats (D:1)
87 creatures vanquished.

Vanquished Creatures (others)
  11 plants (D:2)
11 creatures vanquished.

Grand Total: 98 creatures vanquished

Notes
Turn   | Place    | Note
-------+----------+-------------------------------------------
     0 | D:1      | Jawa73 the Octopode Fighter began the quest for the Orb.
     0 | D:1      | Reached XP level 1. HP: 16/16 MP: 1/1
   163 | D:1      | Reached XP level 2. HP: 13/21 MP: 2/2
   693 | D:1      | You fall into a shaft and drop 1 floor!
   776 | D:2      | Reached XP level 3. HP: 24/26 MP: 3/3
  1434 | D:2      | Reached XP level 4. HP: 31/31 MP: 4/4
  2010 | D:3      | Reached skill level 3 in Maces & Flails
  2134 | D:3      | Reached XP level 5. HP: 17/37 MP: 5/5
  2706 | D:3      | Reached skill level 4 in Maces & Flails
  2706 | D:3      | Reached XP level 6. HP: 7/43 MP: 6/6
  3084 | D:4      | Noticed a necrophage
  3091 | D:4      | Killed a necrophage
  3107 | D:4      | Found a staircase to the Ecumenical Temple.
  3119 | Temple   | Entered the Ecumenical Temple
  3229 | Temple   | Became a worshipper of Gozag Ym Sagoz the Greedy
  3439 | D:4      | Reached skill level 5 in Maces & Flails
  3439 | D:4      | Reached XP level 7. HP: 49/49 MP: 7/7
  3684 | D:5      | Entered Level 5 of the Dungeon
  3949 | D:5      | Noticed Sigmund
  3964 | D:5      | Killed Sigmund
  4107 | D:5      | Found Jifebb's Distillery.
  4124 | D:5      | Noticed Dowan
  4125 | D:5      | Noticed Duvessa
  4126 | D:5      | Bought a potion of might for 44 gold pieces
  4126 | D:5      | Identified a scroll of acquirement
  4126 | D:5      | Acquired the ring of Vion {Ice +Blink rN+ Str+3 Int+3}
  4190 | D:5      | Slain by Duvessa

Illustrated notes

Levels and vault maps discovered:
D:1:      amcnicky_arrival_feature_with_door, layout_loops_ring
D:2:      layout_basic, minmay_lizard_king
D:3:      layout_loops_ring, nrook_loot_triangle, hex_tiny
D:4:      layout_rooms, minmay_temple_entry_slanted
D:5:      layout_cave_pods, serial_shops, shop, uniq_sigmund, uniq_duvessa
Temple:   eino_narrow_crystal_temple

Skill      XL: |  1  2  3  4  5  6 |
---------------+-------------------+-----
Maces & Flails | 3 4 5 |  5.7
Fighting       | 4 |  4.8
Dodging        | 4 |  4.5
Shields        | 4 |  4.3

Action                   |  1- 3 |  4- 6 |  7- 9 || total
-------------------------+-------+-------+-------++-------
Melee: Flail             |    72 |    72 |    33 ||   177
       Constrict         |    20 |    21 |     8 ||    49
       Tentacles         |    13 |    21 |     7 ||    41
 Abil: Evoke Blink       |       |       |     1 ||     1
  Use: Scroll            |     3 |     3 |     3 ||     9
       Potion            |       |     1 |     1 ||     2
 Stab: Sleeping          |     7 |     2 |     1 ||    10
Armor: Skin              |     5 |     6 |     2 ||    13
Dodge: Dodged            |    36 |    46 |    19 ||   101
Block: Buckler           |    15 |    26 |    14 ||    55

Table legend: (Time is in decaauts)
 A = Elapsed time spent in this place.
 B = Non-inter-level travel time spent in this place.
 C = Inter-level travel time spent in this place.
 D = Time resting spent in this place.
 E = Time spent auto-exploring this place.
 F = Levels seen in this place.
 G = Mean time per level.
                   A        B        C        D        E       F      G
               +--------+--------+--------+--------+--------+-----+--------+
         Total |   4235 |   3993 |    242 |    681 |   2296 |   6 |  705.8 |
       Dungeon |   4110 |   3895 |    215 |    681 |   2214 |   5 |  822.0 |
        Temple |    125 |     98 |     27 |      0 |     82 |   1 |  125.0 |
               +--------+--------+--------+--------+--------+-----+--------+

Top non-repeatable levels by time:
     D:3: 1367 daAuts
     D:1: 1019 daAuts
     D:4: 821 daAuts
     D:2: 636 daAuts
     D:5: 266 daAuts
  Temple: 125 daAuts
